AoeStats
← Augustoso5906

Arena

508963490Analyzed
2v2 RM · 7d ago on Sep 24, 2026· 78m 58s· 4 players
Game mode
Random Map
Map size
Medium (4 player)
Population
200
Speed
Normal
Resources
Standard
Victory
Conquest
Starting age
Dark Age
Ending age
Imperial Age
RankedLock teamsTeams togetherTeam positionsShared explorationLock speedFull tech treeHidden civsTurbo modeCheats
Victory
Defeat
🇦🇷 Vikings · Argentina
736
+17
🇧🇷 Persians · Brazil
723
+18
🇮🇪 Portuguese · Ireland
764
-18
🇪🇨 Malay · Ecuador
750
-17
Augustoso5906
11:06 Feudal Age
12:16 Wheelbarrow
11:24 Horse Collar
11:32 Double-Bit Axe
14:52 Gold Mining
15:48 Stone Mining
17:12 Scale Barding Armor
17:20 Forging
23:23 Castle Age
24:00 Caravan
24:40 Hand Cart
25:13 Gold Shaft Mining
24:50 Bow Saw
24:43 Heavy Plow
29:05 Stone Shaft Mining
36:43 Imperial Age
34:26 Gambesons
34:41 Squires
34:26 Arson
34:02 Pikeman
36:19 Iron Casting
35:44 Scale Mail Armor
36:05 Chain Barding Armor
35:46 Padded Archer Armor
39:15 Bloodlines
39:06 Husbandry
38:27 Heavy Camel Rider
39:28 Chain Mail Armor
40:14 Blast Furnace
39:50 Plate Barding Armor
39:06 Fletching
41:01 Chemistry
41:22 Ballistics
40:28 Heavy Scorpion
42:19 Crop Rotation
42:55 Two-Man Saw
42:05 Halberdier
42:38 Cavalier
43:59 Savar
51:51 Conscription
56:13 Kamandaran
57:39 Crossbowman
58:24 Thumb Ring
66:07 Bodkin Arrow
66:28 Leather Archer Armor
Maori
0:46 Loom
11:42 Feudal Age
12:35 Stone Mining
12:36 Gold Mining
12:33 Town Watch
12:48 Double-Bit Axe
13:07 Horse Collar
24:07 Castle Age
22:20 Scale Mail Armor
22:52 Forging
25:23 Iron Casting
25:03 Chain Mail Armor
25:45 Town Patrol
25:57 Bow Saw
28:25 Coinage
29:16 Heavy Plow
31:11 Gold Shaft Mining
30:59 Caravan
37:29 Chieftains
42:35 Imperial Age
41:35 Scale Barding Armor
41:21 Fletching
41:32 Padded Archer Armor
44:23 Two-Man Saw
43:53 Crop Rotation
44:25 Blast Furnace
43:55 Plate Mail Armor
43:46 Chain Barding Armor
43:41 Leather Archer Armor
43:22 Bodkin Arrow
43:58 Banking
44:05 Elite Berserk
45:07 Conscription
44:18 Sappers
44:48 Bogsveigar
44:16 Onager
46:17 Chemistry
45:50 Ballistics
45:53 Fortified Wall
45:34 Heated Shot
46:40 Heavy Scorpion
49:15 Hoardings
52:13 Treadmill Crane
52:44 Masonry
67:06 Capped Ram
67:58 Siege Ram
YaLittle-
11:07 Feudal Age
12:53 Double-Bit Axe
12:51 Horse Collar
17:46 Wheelbarrow
18:39 Loom
20:35 Forging
22:29 Castle Age
23:48 Bow Saw
23:41 Heavy Plow
30:31 Hand Cart
34:31 Imperial Age
32:24 Fletching
33:15 Town Watch
33:24 Gold Mining
33:25 Stone Mining
33:31 Stone Mining
33:56 Treadmill Crane
34:16 Bodkin Arrow
35:12 Masonry
36:13 Chemistry
35:17 Town Patrol
36:22 Bracer
39:25 Arquebus
39:38 Siege Engineers
39:31 Elite Organ Gun
46:32 Architecture
51:02 Iron Casting
50:27 Scale Mail Armor
52:02 Pikeman
53:46 Blast Furnace
53:02 Chain Mail Armor
52:47 Murder Holes
53:04 Fortified Wall
57:28 Two-Man Saw
57:16 Halberdier
65:43 Plate Mail Armor
BENJA5020
51:37 Feudal Age
61:30 Castle Age
61:17 Pikeman
61:58 Squires
Connection lost

Rejoining the realm…

Still unreachable

The connection could not be restored.

Session expired

The server has moved on; the page needs a fresh start.